 Dungeon Crawl Stone Soup version 0.25.0-26-g0c896c7088 (console) character file.

Game seed: 9762128482492084544

2948 Colgate the Cleaver (level 9, -1/71 HPs)
             Began as a Minotaur Gladiator on July 5, 2020.
             Was a Priest of Okawaru.
             Slain by a sun demon (19 damage)
             ... summoned by an orc high priest
             ... in a bailey.
             The game lasted 02:00:27 (6669 turns).

Colgate the Cleaver (Minotaur Gladiator)            Turns: 6669, Time: 02:00:27

Health: -1/71      AC: 13    Str: 20      XL:     9   Next: 51%
Magic:  5/8        EV: 12    Int:  5      God:    Okawaru [***...]
Gold:   279        SH:  0    Dex: 13 (14) Spells: 8/8 levels left

rFire    . . .     SeeInvis .   a - +0 war axe
rCold    . . .     Gourm    .   (no shield)
rNeg     + . .     Faith    .   g - +0 chain mail (curse)
rPois    .         Spirit   .   c - +0 hat
rElec    .         Reflect  .   (no cloak)
rCorr    +         Harm     .   (no gloves)
MR       .....                  q - +2 pair of boots {run}
Stlth    ..........             (no amulet)
HPRegen  0.21/turn              D - ring of resist corrosion
MPRegen  0.11/turn              K - ring of positive energy

@: heroism, very slightly contaminated, quick
A: retaliatory headbutt, horns 2
a: Heroism, Renounce Religion


You were in a bailey.
You worshipped Okawaru.
Okawaru was most pleased with you.
You were not hungry.

You visited 1 branch of the dungeon, and saw 7 of its levels.
You also visited: Ossuary and Bailey.

You collected 279 gold pieces.

Inventory:

Hand Weapons
 a - a +0 war axe (weapon)
 o - a +1 hunting sling
 u - a +0 shortbow
Missiles
 b - 96 stones
 l - 18 sling bullets
 s - 82 bolts
 C - a poisoned dart
 F - 38 arrows
 H - a throwing net (quivered)
Armour
 c - a +0 hat (worn)
 e - a +0 ring mail
 g - a cursed +0 chain mail (worn)
 j - a +0 scale mail
 k - a +0 plate armour
 q - a +2 pair of boots of running (worn)
Jewellery
 D - a ring of resist corrosion (left hand)
 K - a ring of positive energy (right hand)
Wands
 d - a wand of acid (11)
 I - a wand of digging (6)
Scrolls
 r - a scroll of fog
 t - a scroll of enchant weapon
 x - 2 scrolls of enchant armour
 y - a scroll of teleportation
 z - a scroll of fear {unknown}
 J - 4 scrolls of amnesia
 L - 2 scrolls of noise {unknown}
 M - a scroll of random uselessness {unknown}
Potions
 h - 3 potions of resistance
 i - 2 potions of ambrosia
 m - 3 potions of flight
 n - 2 potions of magic
 p - 2 potions of curing
 v - 2 potions of cancellation
 w - 3 potions of brilliance
 A - a potion of berserk rage {unknown}
 B - 2 potions of heal wounds
 E - 2 potions of degeneration
Comestibles
 f - 13 rations


   Skills:
 - Level 3.8(8.8) Fighting
 + Level 12.6(17.6) Axes
 - Level 5.3(11.6) Slings
 - Level 5.4(11.3) Throwing
 - Level 1.5(6.5) Armour
 - Level 4.0(9.0) Dodging


You had 8 spell levels left.
You didn't know any spells.
Your spell library was empty.

Dungeon Overview and Level Annotations

Branches:
Dungeon (8/15)            Ossuary (visited)          Bailey (1/1)
 Temple: D:4-7         Lair: D:8-11

Altars:
Cheibriados
Dithmenos
Gozag
Kikubaaqudgha
Nemelex Xobeh
Okawaru
Uskayaw
The Shining One

Shops:
D:8 [


Innate Abilities, Weirdness & Mutations

You reflexively headbutt those who attack you in melee.
You have a pair of horns on your head.


Message History

* * * LOW HITPOINT WARNING * * *
The orc high priest hits you but does no damage.
You feel much better. The ufetubus barely misses you.
The ufetubus closely misses you. The sun demon misses you.
The neqoxec barely misses you. You furiously retaliate!
You headbutt the neqoxec! The orange demon barely misses you.
The iron imp barely misses you. The ufetubus barely misses you.
You furiously retaliate!
You headbutt the ufetubus! The ufetubus closely misses you.
The sun demon misses you. You furiously retaliate!
You headbutt the sun demon, but do no damage.
You slash the orc high priest!
The orc high priest is almost dead.
You closely miss the ufetubus. You hit the iron imp but do no damage.
You hit the sun demon. You slash the neqoxec!
The orc high priest hits you with a +0 war axe.
The neqoxec barely misses you. The ufetubus closely misses you.
The ufetubus barely misses you. The orange demon stings you from afar!
You hit the orc high priest.
The orc high priest is almost dead.
You slash the neqoxec!
Your chain mail prevents you from hitting the sun demon.
You hit the iron imp but do no damage. You miss the ufetubus.
The sun demon hits you!
* * * LOW HITPOINT WARNING * * *
You are engulfed in flames!!
You die...

###### #..[[#
..[[#
###########
.....o3@5.#+##
...._.3o5....+
.....4.....8.#
.............#
##########.8.#
#######.....#
#.....#...8.#
#.....#.....#
#..⌠..#..####
+.....'..#
+.....'..#


You could see an orc high priest, a sun demon (summoned), an orange demon
(summoned), a neqoxec (summoned), an orc warrior, an iron imp (summoned) and an
ufetubus (summoned).

Vanquished Creatures
  An orc knight (Bailey)
  A kobold demonologist (Bailey)
  Sigmund (D:5)
  A hungry ghost (D:7)
  The ghost of hofbold the Firebug, an amateur DEFE (D:3)
  Duvessa (D:5)
  A phantom (D:4)
  3 sky beasts
  2 ogres (D:4)
  A centaur (D:8)
  2 elf zombies (Ossuary)
  Dowan (D:5)
  A scorpion (D:4)
  A water moccasin skeleton (D:7)
  A howler monkey (D:5)
  A crimson imp (D:5)
  A bullfrog zombie (D:5)
  A centaur zombie (Ossuary)
  3 hounds
  2 orc priests (D:3)
  A gnoll shaman (D:8)
  A centaur skeleton (D:7)
  An iguana (D:5)
  Ijyb (D:5)
  An orc wizard (D:3)
  4 worker ants
  2 big kobold zombies (Ossuary)
  2 mummies (Ossuary)
  A worker ant zombie (D:5)
  A howler monkey skeleton (D:4)
  5 gnolls (D:8)
  9 adders
  An ooze (D:4)
  2 adder zombies (Ossuary)
  2 worms
  5 dart slugs
  2 leopard geckos
  18 orcs
  6 giant cockroaches
  9 hobgoblins
  7 kobolds
  4 quokkas
  4 ball pythons
  10 bats
  6 frilled lizards
  10 goblins
  A goblin zombie (Ossuary)
  8 hobgoblin zombies (Ossuary)
  2 jackal zombies (Ossuary)
  9 kobold zombies (Ossuary)
  8 orc zombies (Ossuary)
  19 rats
  2 rat zombies (Ossuary)
191 creatures vanquished.

Notes
Turn   | Place    | Note
-------+----------+-------------------------------------------
     0 | D:1      | Colgate the Minotaur Gladiator began the quest for the Orb.
     0 | D:1      | Reached XP level 1. HP: 18/18 MP: 0/0
    39 | D:1      | Reached skill level 4 in Axes
   110 | D:1      | Reached XP level 2. HP: 25/25 MP: 1/1
   458 | D:1      | Reached XP level 3. HP: 30/30 MP: 2/2
  1416 | D:2      | Found a glowing golden altar of the Shining One.
  1416 | D:2      | Found an iron altar of Okawaru.
  1417 | D:2      | Found an ancient bone altar of Kikubaaqudgha.
  1424 | D:2      | Found a hide-covered altar of Uskayaw.
  1428 | D:2      | Became a worshipper of Warmaster Okawaru
  1536 | D:2      | Reached skill level 5 in Axes
  1722 | D:2      | Reached XP level 4. HP: 35/37 MP: 3/3
  1755 | D:2      | Identified a +1 pair of boots of running (You found it on
                  | level 2 of the Dungeon)
  2380 | D:3      | Reached skill level 6 in Axes
  2486 | D:3      | Found a snail-covered altar of Cheibriados.
  2504 | D:3      | Reached XP level 5. HP: 42/42 MP: 4/4
  2592 | D:3      | Reached skill level 7 in Axes
  2866 | D:3      | Reached skill level 1 in Slings
  3207 | D:3      | Found a runed translucent door.
  3207 | D:3      | Noticed hofbold's ghost (amateur DEFE)
  3234 | D:3      | Killed hofbold's ghost
  3234 | D:3      | Reached * piety under Okawaru
  3234 | D:3      | Reached skill level 8 in Axes
  3234 | D:3      | Reached XP level 6. HP: 43/50 MP: 5/5
  3860 | D:4      | Reached XP level 7. HP: 40/56 MP: 6/6
  3988 | D:4      | Reached skill level 9 in Axes
  4031 | D:4      | Reached ** piety under Okawaru
  4391 | D:5      | Entered Level 5 of the Dungeon
  4538 | D:5      | Reached skill level 10 in Axes
  4556 | D:5      | Noticed Sigmund
  4565 | D:5      | Killed Sigmund
  4565 | D:5      | Reached XP level 8. HP: 66/66 MP: 7/7
  4643 | D:5      | Noticed Ijyb
  4643 | D:5      | Noticed Dowan
  4646 | D:5      | Noticed Duvessa
  4659 | D:5      | Killed Ijyb
  4660 | D:5      | Killed Dowan
  4669 | D:5      | Killed Duvessa
  4846 | D:5      | Found a shadowy altar of Dithmenos.
  4862 | D:5      | Reached skill level 5 in Throwing
  5046 | D:5      | You fall into a shaft and drop 3 floors!
  5046 | D:8      | Found Ovvaisiff's Antique Armour Boutique.
  5094 | D:8      | Found a sand-covered staircase.
  5103 | Ossuary  | Entered an ossuary
  5218 | Ossuary  | Reached *** piety under Okawaru
  5299 | Ossuary  | Reached skill level 11 in Axes
  5985 | D:7      | Found a sparkling altar of Nemelex Xobeh.
  5986 | D:7      | Found an opulent altar of Gozag.
  6051 | D:7      | Reached XP level 9. HP: 50/71 MP: 5/8
  6059 | D:7      | Reached skill level 12 in Axes
  6242 | D:7      | Reached skill level 1 in Armour
  6267 | D:7      | Found a flagged portal.
  6282 | Bailey   | Entered a bailey
  6314 | Bailey   | Noticed an orc knight
  6342 | Bailey   | Killed an orc knight
  6342 | Bailey   | Reached skill level 5 in Slings
  6648 | Bailey   | Noticed a kobold demonologist
  6651 | Bailey   | Found an iron altar of Okawaru.
  6651 | Bailey   | Noticed an orc high priest
  6653 | Bailey   | Noticed an orange demon
  6654 | Bailey   | Noticed a sun demon
  6656 | Bailey   | Killed a kobold demonologist
  6669 | Bailey   | Slain by a sun demon

Illustrated notes

Levels and vault maps discovered:
D:1:      lightli_arrival_noodles, layout_basic, minmay_misc_feat_five,
          st_stairs_5
D:2:      minmay_recursive_quarters, layout_basic,
          nicolae_overflow_quartered_altars
D:3:      layout_basic, nicolae_overflow_crystal_walls, gammafunk_ghost_grave
D:4:      layout_cave_pools, portal_sewer_entry_c, first_ration,
          minmay_misc_feat_roman
D:5:      layout_loops_cross, nicolae_dithmenos_the_darkroom,
          nicolae_overflow_hidden_temple, minmay_hedge_maze, uniq_ijyb,
          uniq_sigmund, uniq_duvessa
D:7:      layout_basic, grunt_temple_overflow_opulence, enter_bailey_6
D:8:      layout_basic, serial_shops, shop,
          nicolae_ossuary_entry_false_entrances
Bailey:   bailey_axe_of_yendor_kennysheep, bailey

Skill      XL: |  1  2  3  4  5  6  7  8  9 |
---------------+----------------------------+-----
Axes           | 4 5 6 8 10 11 12 | 12.6
Dodging        | 4 |  4.0
Slings         | 1 2 5 |  5.3
Fighting       | 3 |  3.8
Throwing       | 3 5 |  5.4
Armour         | 1 |  1.5

Action                   |  1- 3 |  4- 6 |  7- 9 || total
-------------------------+-------+-------+-------++-------
Melee: War axe           |    72 |   120 |   242 ||   434
       Headbutt          |    10 |    13 |    49 ||    72
       Punch             |       |       |     2 ||     2
 Fire: Hunting sling     |     7 |    77 |    50 ||   134
Throw: Stone             |    44 |    15 |     8 ||    67
       Throwing net      |     2 |     1 |     4 ||     7
       Dart              |       |    14 |    56 ||    70
       Boomerang         |       |       |    24 ||    24
Invok: Heroism           |       |       |     8 ||     8
  Use: Scroll            |       |     4 |    10 ||    14
       Potion            |       |       |     6 ||     6
 Stab: Held in net/web   |       |       |     3 ||     3
  Eat: Chunk             |     3 |     5 |    10 ||    18
Armor: Leather armour    |    12 |       |       ||    12
       Scale mail        |     8 |       |       ||     8
       Chain mail        |       |    61 |    98 ||   159
Dodge: Dodged            |    44 |    44 |   104 ||   192
